 Dungeon Crawl Stone Soup version 0.27.0-1-g7a089689b8 (webtiles) character file.

Game seed: 10140493139653734002

1397 Kinoniko the Spear-Bearer (level 8, -4/87 HPs)
             Began as a Merfolk Berserker on Aug 17, 2021.
             Was a Priest of Trog.
             Slain by a 12-headed hydra (5 damage)
             ... on level 6 of the Dungeon.
             The game lasted 00:05:26 (5641 turns).

Kinoniko the Spear-Bearer (Merfolk Berserker)       Turns: 5641, Time: 00:05:27

Health: -4/87      AC: 12    Str: 17    XL:     8   Next: 69%
Magic:  8/8        EV: 18    Int:  7    God:    Trog [***...]
Gold:   174        SH:  0    Dex: 15    Spells: 7/7 levels left

rFire    . . .     SeeInvis .   m - +0 halberd
rCold    . . .     Faith    .   (shield currently unavailable)
rNeg     . . .     Spirit   .   c - +0 ring mail
rPois    .         Reflect  .   (no helmet)
rElec    .         Harm     .   n - +2 cloak
rCorr    .         Rampage  .   (no gloves)
Will     .....                  (no boots)
Stlth    ..........             (no amulet)
HPRegen  0.24/turn              h - +4 ring of evasion
MPRegen  0.11/turn              o - +4 ring of protection

@: berserking (expiring), very quick
A: (nimble swimmer 2), mertail
a: Renounce Religion, Berserk, Trog's Hand


You were on level 6 of the Dungeon.
You worshipped Trog.
Trog was most pleased with you.
You visited 1 branch of the dungeon, and saw 6 of its levels.

You collected 174 gold pieces.

Inventory:

Hand Weapons
 a - a +0 spear
 m - a +0 halberd (weapon)
Armour
 b - a +0 animal skin
 c - a +0 ring mail (worn)
 n - a +2 cloak (worn)
Jewellery
 h - a +4 ring of evasion (left hand)
 o - a +4 ring of protection (right hand)
 q - a ring of positive energy
 t - a ring of fire
Scrolls
 d - 2 scrolls of teleportation
 i - a scroll of torment
 j - 2 scrolls of summoning
 r - 2 scrolls of fear
 u - a scroll of enchant weapon
 v - a scroll of identify
Potions
 e - 2 potions of heal wounds {unknown}
 f - 3 potions of attraction {unknown}
 g - a potion of lignification {unknown}
 k - a potion of flight {unknown}
 l - 2 potions of resistance {unknown}
 p - 2 potions of magic {unknown}
 s - a potion of haste {unknown}
 w - a potion of curing {unknown}


   Skills:
 - Level 3.2 Fighting
 * Level 12.4 Polearms
 - Level 1.3 Armour
 + Level 8.3 Dodging


You had 7 spell levels left.
You didn't know any spells.
Your spell library was empty.

Dungeon Overview and Level Annotations

Branches:
Dungeon (6/15)
 Temple: D:4-7

Altars:
Cheibriados
Fedhas
Kikubaaqudgha
Zin

Shops:
D:3 [[=(:   D:4 =   D:5 ?


Innate Abilities, Weirdness & Mutations

((You are quick and stealthy near water. (Stealth+, EV+, Speed+++)))
Your lower body shifts to a powerful aquatic tail in water.


Message History

The six-headed hydra grows two more!
You slice the eight-headed hydra!!
The eight-headed hydra is moderately wounded.
The eight-headed hydra closely misses you.
The eight-headed hydra bites you.
The eight-headed hydra closely misses you.
The eight-headed hydra bites you. The eight-headed hydra bites you! x2
The eight-headed hydra barely misses you.
The eight-headed hydra completely misses you.
You slice one of the eight-headed hydra's heads off!
The seven-headed hydra grows two more!
You puncture the nine-headed hydra!
The nine-headed hydra is moderately wounded.
You lop one of the nine-headed hydra's heads off!
The eight-headed hydra grows two more!
You slash the ten-headed hydra!
The ten-headed hydra is moderately wounded.
The ten-headed hydra misses you. x2
The ten-headed hydra completely misses you.
The ten-headed hydra closely misses you.
The ten-headed hydra completely misses you.
The ten-headed hydra misses you. The ten-headed hydra barely misses you.
The ten-headed hydra bites you!
The ten-headed hydra closely misses you.
The ten-headed hydra bites you!
* * * LOW HITPOINT WARNING * * *
You slice one of the ten-headed hydra's heads off!
The nine-headed hydra grows two more!
You impale the 11-headed hydra!!
The 11-headed hydra is heavily wounded.
Unknown command.
You lop one of the 11-headed hydra's heads off!
The ten-headed hydra grows two more!
You puncture the 12-headed hydra!
The 12-headed hydra is moderately wounded.
The 12-headed hydra bites you but does no damage.
The 12-headed hydra bites you!
* * * LOW HITPOINT WARNING * * *
The 12-headed hydra closely misses you. The 12-headed hydra bites you!
* * * LOW HITPOINT WARNING * * *
The 12-headed hydra bites you.
* * * LOW HITPOINT WARNING * * *
The 12-headed hydra completely misses you.
The 12-headed hydra barely misses you. The 12-headed hydra bites you.
You die...

####### ##.....#
##########
.......###........######
.........)......@D......
......####.....######.##
......# ####### ......#
.......# .......#
.......# .......#
#######


You could see a 12-headed hydra.

Vanquished Creatures
  A wraith (D:5)
  An orc warrior (D:5)
  A necrophage (D:5)
  3 ogres
  2 phantoms (D:5)
  3 scorpions
  A centaur zombie (D:5)
  2 bullfrog zombies (D:5)
  A jelly (D:6)
  Crazy Yiuf (D:3)
  2 iguanas
  A killer bee zombie (D:6)
  A hound skeleton (D:4)
  8 gnolls
  8 adders
  2 ufetubi
  2 worms (D:3)
  3 dart slugs
  8 orcs
  3 ball pythons
  5 bats
  5 endoplasms
  2 giant cockroaches
  4 goblins
  8 hobgoblins
  2 jackals (D:3)
  3 quokkas
  2 frilled lizards (D:1)
  6 kobolds
  5 rats
96 creatures vanquished.

Notes
Turn   | Place    | Note
-------+----------+-------------------------------------------
     0 | D:1      | Kinoniko the Merfolk Berserker began the quest for the Orb.
     0 | D:1      | Reached XP level 1. HP: 18/18 MP: 1/1
   478 | D:1      | Reached XP level 2. HP: 22/24 MP: 2/2
   529 | D:1      | Reached skill level 5 in Polearms
   623 | D:1      | Found a faded altar of an unknown god.
  1331 | D:2      | Reached XP level 3. HP: 18/29 MP: 3/3
  1735 | D:2      | Reached ** piety under Trog
  2022 | D:3      | Found Ahazazaw's Armour Shop.
  2091 | D:3      | Reached skill level 6 in Polearms
  2251 | D:3      | Reached XP level 4. HP: 35/35 MP: 4/4
  2298 | D:3      | Found a glowing silver altar of Zin.
  2650 | D:3      | Found Janiav's Antique Weapon Boutique.
  2826 | D:3      | Found a runed translucent door.
  2827 | D:3      | Noticed Crazy Yiuf
  2941 | D:3      | Found Diehowec's Antique Armour Emporium.
  3001 | D:3      | Reached skill level 7 in Polearms
  3010 | D:3      | Reached XP level 5. HP: 25/41 MP: 5/5
  3278 | D:3      | Found Zublun's Book Shop.
  3283 | D:3      | Found Hechiox's Jewellery Boutique.
  3425 | D:3      | Killed Crazy Yiuf
  3623 | D:4      | Noticed an ogre
  3629 | D:4      | Killed an ogre
  3630 | D:4      | Reached skill level 8 in Polearms
  3630 | D:4      | Reached skill level 5 in Dodging
  3630 | D:4      | Reached XP level 6. HP: 47/47 MP: 6/6
  3766 | D:4      | Reached skill level 9 in Polearms
  3940 | D:4      | Reached XP level 7. HP: 52/52 MP: 7/7
  3991 | D:4      | Found Fozetwo Jean's Jewellery Emporium.
  4108 | D:4      | Reached *** piety under Trog
  4431 | D:5      | Entered Level 5 of the Dungeon
  4473 | D:5      | Reached skill level 10 in Polearms
  4577 | D:5      | Identified the +7 rapier of Qazlal's Fury {vorpal, Int+2}
  4601 | D:5      | Found a snail-covered altar of Cheibriados.
  4853 | D:5      | Reached skill level 11 in Polearms
  4853 | D:5      | Reached XP level 8. HP: 58/58 MP: 8/8
  4866 | D:5      | Noticed a wraith
  4876 | D:5      | Killed a wraith
  4988 | D:5      | Identified the +1 robe of the Tick {rPois Will- Dex+4
                  | Stlth+}
  5048 | D:5      | Found Socits's Magic Scroll Boutique.
  5158 | D:5      | Reached skill level 12 in Polearms
  5253 | D:5      | Found a blossoming altar of Fedhas.
  5508 | D:6      | Found an ancient bone altar of Kikubaaqudgha.
  5628 | D:6      | Noticed a four-headed hydra
  5641 | D:6      | HP: 1/87 [12-headed hydra (6)]
  5641 | D:6      | Slain by a 12-headed hydra

Illustrated notes

Levels and vault maps discovered:
D:1:      tarquinn_simple_flora_water_c, layout_basic,
          shapermc_ecumenical_altar_rom_forum
D:2:      layout_loops_corners
D:3:      layout_loops_corners, lemuel_doored_altar, serial_shops,
          nicolae_shop_stone, nicolae_diamond_shop,
          nicolae_shop_overgrown_old_shop, shop, nicolae_diamond_shop,
          uniq_crazy_yiuf_cottage
D:4:      layout_loops_ring, minmay_shop_enchanted_jewellery,
          palyth_stone_intersect
D:5:      kennysheep_big_flooded_room, layout_basic,
          mainiacjoe_overflow_tiny_flanked, fedhas_altar_fruit_tree,
          serial_shops, shop, kennysheep_generic_room_4
D:6:      layout_basic, lemuel_coloured_pillars_altar,
          nicolae_qazlal_eye_of_the_storm, general_overflow_altar

Skill      XL: |  1  2  3  4  5  6  7  8 |
---------------+-------------------------+-----
Dodging        | 3 4 5 6 7 8 |  8.3
Polearms       | 5 6 7 8 9 11 12 | 12.4
Fighting       | |  3.2
Armour         | |  1.3

Action                   |  1- 3 |  4- 6 |  7- 9 || total
-------------------------+-------+-------+-------++-------
Melee: Spear             |   173 |    71 |       ||   244
       Halberd           |       |    48 |   117 ||   165
Invok: Berserk           |     1 |     4 |     2 ||     7
  Use: Scroll            |       |     4 |     2 ||     6
Armor: Ring mail         |    26 |     5 |    27 ||    58
       Animal skin       |     1 |       |       ||     1
Dodge: Dodged            |    79 |    58 |    91 ||   228
